 Dungeon Crawl Stone Soup version 0.23-a0-619-g281719c (console) character file.

12 Duffy the Skirmisher (level 2, -6/28 HPs)
             Began as a Naga Fighter on Dec 22, 2018.
             Mangled by Grinder (7 damage)
             ... while paralysed by Grinder
             ... on level 3 of the Dungeon.
             The game lasted 00:00:24 (240 turns).

Duffy the Skirmisher (Naga Fighter)                  Turns: 240, Time: 00:00:25

Health: -6/28      AC:  4    Str: 23    XL:     2   Next: 33%
Magic:  2/2        EV:  1    Int:  8    God:
Gold:   4          SH:  0    Dex: 10    Spells: 1/1 levels left

rFire    . . .     SeeInvis +   a - +0 war axe
rCold    . . .     Gourm    .   c - +0 shield
rNeg     . . .     Faith    .   b - +0 scale mail
rPois    +         Spirit   .   (no helmet)
rElec    .         Reflect  .   (no cloak)
rCorr    .         Harm     .   (no gloves)
MR       .....                  (no barding)
Stlth    ..........             (no amulet)
HPRegen  0.09/turn              e - +1 ring of evasion
MPRegen  0.08/turn              (no ring)

@: paralysed, mighty, very slow
A: large, see invisible, deformed body, poison resistance, slowness 2, slow
metabolism 1, spit poison 1, AC +0
a: Spit Poison


You were on level 3 of the Dungeon.
You were not hungry.

You visited 1 branch of the dungeon, and saw 3 of its levels.

You collected 4 gold pieces.

Inventory:

Hand Weapons
 a - a +0 war axe (weapon)
Armour
 b - a +0 scale mail (worn)
 c - a +0 shield (worn)
Jewellery
 e - a +1 ring of evasion (left hand)
Scrolls
 h - 2 scrolls of identify {unknown}
Comestibles
 f - 2 rations
 i - a chunk of flesh


   Skills:
 - Level 3.0 Fighting
 + Level 2.5 Axes
 - Level 2.4 Armour
 + Level 2.7 Shields


You had one spell level left.
You didn't know any spells.
Your spell library was empty.

Dungeon Overview and Level Annotations

Branches:
Dungeon (3/15)

Altars:

Annotations:
D:3 Grinder


Innate Abilities, Weirdness & Mutations

You cannot wear boots.
Your serpentine skin is tough. (AC +0)
You have supernaturally acute eyesight. (SInv)
Armour fits poorly on your strangely shaped body.
Your system is resistant to poisons. (rPois)
You cover ground very slowly.
You have a slow metabolism.
You can spit poison.


Message History

You suddenly lose the ability to move!
Grinder hits you. Grinder says, "Are you a fish?"
Grinder hits you but does no damage.
You can move again.
You feel very mighty all of a sudden. Grinder hits you.
You writhe in agony.
You hit Grinder.
Grinder is lightly wounded.
Grinder says, "DUCK!"
Grinder hits you. You block Grinder's attack.
You closely miss Grinder.
Grinder is lightly wounded.
You block Grinder's attack.
You slash Grinder!
Grinder is heavily wounded.
Grinder gestures at you.
You suddenly lose the ability to move!
Grinder hits you!
You writhe in agony.
Grinder hits you!
You die...

#......#
#......#
#......#
#......#
###......#
........#
##......#
#.#####(...#
#....@5.##.#
##########%#
#.#####
#.....#
#####.# #.#
#.# #.# #.#


You could see Grinder.

Vanquished Creatures
  An adder (D:2)
  A hobgoblin (D:3)
  A quokka (D:3)
  A frilled lizard (D:3)
4 creatures vanquished.

Notes
Turn   | Place    | Note
-------+----------+-------------------------------------------
     0 | D:1      | Duffy the Naga Fighter began the quest for the Orb.
     0 | D:1      | Reached XP level 1. HP: 21/21 MP: 1/1
    54 | D:2      | Reached XP level 2. HP: 28/28 MP: 2/2
   220 | D:3      | Noticed Grinder
   220 | D:3      | Paralysed by Grinder for 7 turns
   231 | D:3      | Paralysed by Grinder for 5 turns
   239 | D:3      | Paralysed by Grinder for 6 turns
   239 | D:3      | HP: 1/28 [Grinder (5)]
   240 | D:3      | Mangled by Grinder

Vault maps used:
D:1:      dpeg_arrival_pits
D:2:      uniq_crazy_yiuf_cottage
D:3:      uniq_ijyb, uniq_grinder

Action                   || total
-------------------------++-------
Melee: War axe           ||    11
  Use: Potion            ||     2
Armor: Scale mail        ||     3
Dodge: Dodged            ||     2
Block: Shield            ||     6

Table legend:
 A = Non-vault XP
 B = Vault XP
 C = Vault XP percentage of total XP
 D = Non-vault monster count
 E = Vault monster count
 F = Vault count percentage of total count
                 A         B        C        D         E       F
            +---------+---------+-------+---------+---------+-------
      Total |      18 |       0 |   0.0 |       4 |       0 |   0.0
            +---------+---------+-------+---------+---------+-------
        D:2 |      13 |       0 |   0.0 |       1 |       0 |   0.0
        D:3 |       5 |       0 |   0.0 |       3 |       0 |   0.0
            +---------+---------+-------+---------+---------+-------
